AoeStats
← Sigi

Runestones

507421804Analyzed
1v1 RM · 13d ago on Sep 18, 2026· 33m 36s· 2 players
Game mode
Random Map
Map size
Tiny (2 player)
Population
200
Speed
Normal
Resources
Standard
Victory
Conquest
Starting age
Dark Age
Ending age
Imperial Age
RankedLock teamsTeams togetherTeam positionsShared explorationLock speedFull tech treeHidden civsTurbo modeCheats
Victory
Defeat
🇲🇽 Ethiopians · Mexico
1521
+15
🇨🇳 Armenians · China
1497
-15
AOE | Wu
12:30 Feudal Age
13:29 Loom
13:35 Double-Bit Axe
22:37 Castle Age
22:31 Scale Mail Armor
22:51 Gold Mining
24:03 Bow Saw
31:37 Fervor
31:35 Squires
Sigi
3:20 Loom
11:34 Feudal Age
13:07 Double-Bit Axe
15:20 Fletching
15:31 Padded Archer Armor
17:59 Town Watch
24:47 Castle Age
22:49 Horse Collar
25:26 Bodkin Arrow
24:53 Crossbowman
25:52 Bow Saw
27:59 Ballistics
Connection lost

Rejoining the realm…

Still unreachable

The connection could not be restored.

Session expired

The server has moved on; the page needs a fresh start.